[Event "ICCopen2017"]
[Site "Internet Chess Club"]
[Date "2017.04.02"]
[Round "1"]
[White "Montserrat"]
[Black "Rluis"]
[Result "1-0"]
[ICCResult "Black forfeits on time"]
[WhiteElo "1849"]
[BlackElo "1175"]
[Opening "English opening"]
[ECO "A16"]
[NIC "EO.64"]
[Time "19:03:38"]
[TimeControl "180+0"]

1. c4 Nf6 2. Nc3 g6 3. g3 c6 4. Bg2 Bg7 5. e3 O-O 6. Nge2 d5 7. cxd5 cxd5 8.
d4 Bg4 9. O-O Nc6 10. h3 Bf5 11. a3 Ne4 12. b4 Rc8 13. Bb2 Qd7 14. Kh2 a6
15. Na4 Qd8 16. Rc1 b5 17. Nc5 Nxc5 18. Rxc5 Be6 19. Nf4 Qd7 20. Nxd5 Bxd5
21. Rxd5 Qe6 22. Rc5 Qa2 23. Qc1 Na7 24. Bd5 Rxc5 25. Bxa2 Rxc1 26. Rxc1 Rc8
27. Rxc8+ Nxc8 28. Kg2 e6 29. Kf3 Kf8 30. Ke4 Ke7 31. Bc3 Kd6 32. f4 f5+ 33.
Kd3 Ne7 34. g4 Nd5 35. Bd2 Bf6 36. e4 fxe4+ 37. Kxe4 h5 38. f5 exf5+ 39.
gxf5 gxf5+ 40. Kxf5 Bxd4 41. Kg5 Bb2 42. Kxh5 Bxa3 43. Bxd5 Kxd5 44. Kg6 Bb2
45. h4 Kc4 46. h5 Kb3 47. h6 Kc2 48. Bg5 Kb3 49. Bf6 Bxf6 50. Kxf6 Kxb4 51.
h7 Kb3 52. h8=Q a5 53. Qh3+ Kb2 54. Qg2+ Kb3 55. Qf3+ Kb4 56. Qe4+ Kb3 57.
Qd5+ Kb4 58. Ke5 a4 59. Ke4 a3 60. Kd3 Ka4 61. Kc2 b4 62. Qb3+ Kb5 63. Kd3
Kc5 64. Ke4 Kb5 65. Kd4 Ka5 66. Kc4 a2 67. Qxa2+ Kb6 68. Kxb4
{Black forfeits on time}
1-0

[Event "ICCopen2017"]
[Site "Internet Chess Club"]
[Date "2017.04.02"]
[Round "1"]
[White "Activekids"]
[Black "XR"]
[Result "1-0"]
[ICCResult "Black resigns"]
[WhiteElo "1955"]
[BlackElo "1368"]
[Opening "Sicilian: Smith-Morra gambit"]
[ECO "B21"]
[NIC "SI.48"]
[Time "19:05:16"]
[TimeControl "180+0"]

1. e4 c5 2. d4 cxd4 3. c3 Nc6 4. Nf3 d6 5. Bc4 Nf6 6. O-O Nxe4 7. cxd4 e6 8.
d5 Ne7 9. dxe6 fxe6 10. Bb5+ Kf7 11. Bd3 Nf6 12. Ng5+ Kg8 13. Re1 e5 14.
Bc4+ d5 15. Rxe5 h6 16. Ne4 Bf5 17. Nxf6+ gxf6 18. Rxf5 Nxf5 19. Bxd5+ Kg7
20. Qg4+ Kh7 21. Qxf5+ Kg7 22. Qg4+ Kh7 23. Be4+ {Black resigns} 1-0

[Event "ICCopen2017"]
[Site "Internet Chess Club"]
[Date "2017.04.02"]
[Round "1"]
[White "sovereignpower"]
[Black "Ataraxia"]
[Result "0-1"]
[ICCResult "White checkmated"]
[WhiteElo "1307"]
[BlackElo "1901"]
[Opening "QP counter-gambit (elephant gambit)"]
[ECO "C40"]
[NIC "KP.10"]
[Time "19:04:18"]
[TimeControl "180+0"]

1. e4 e5 2. Nf3 d5 3. d3 dxe4 4. dxe4 Qxd1+ 5. Kxd1 Nc6 6. Nc3 Bg4 7. Be2
O-O-O+ 8. Bd2 f5 9. h3 Bxf3 10. Bxf3 f4 11. Re1 Nf6 12. Ke2 Nd4+ 13. Kf1 Bb4
14. Rad1 Nxc2 15. Re2 Rd3 16. Nd5 Nxd5 17. exd5 Nd4 18. Bg4+ Kb8 19. Rxe5
Rxd2 20. Rxd2 Bxd2 21. Re7 Rd8 22. Be6 Nxe6 23. dxe6 Bb4 24. Rxg7 a5 25. f3
Rd1+ 26. Ke2 Re1+ 27. Kd3 Rxe6 28. a3 Bd6 29. Rxh7 Re3+ 30. Kd4 c6 31. b4 b5
32. Rh6 Be5+ 33. Kc5 Kb7 34. g4 Rc3# {White checkmated} 0-1

[Event "ICCopen2017"]
[Site "Internet Chess Club"]
[Date "2017.04.02"]
[Round "1"]
[White "ShadowStorm"]
[Black "arshavin2015"]
[Result "0-1"]
[ICCResult "White checkmated"]
[WhiteElo "1392"]
[BlackElo "1982"]
[Opening "Modern defense"]
[ECO "A40"]
[NIC "QO.17"]
[Time "19:04:08"]
[TimeControl "180+0"]

1. d4 g6 2. e3 Bg7 3. f4 c5 4. Nf3 Nf6 5. c3 O-O 6. Bd3 b6 7. O-O Bb7 8.
Nbd2 d6 9. b3 Nbd7 10. Bb2 a6 11. Qc2 Rc8 12. Rad1 Rc7 13. Qb1 Qa8 14. Nc4
Rfc8 15. e4 b5 16. Ncd2 Ng4 17. Rfe1 cxd4 18. Nxd4 Nc5 19. Bc2 Qa7 20. h3
Nf6 21. Kh2 e5 22. fxe5 dxe5 23. N4f3 Nh5 24. Rc1 Ne6 25. c4 bxc4 26. Nxc4
f6 27. Bd3 Nhf4 28. Bf1 Qf2 29. Nd6 Rxc1 30. Rxc1 Rxc1 31. Qxc1 Nh5 32. Nxb7
Ng3 33. Qc8+ Nf8 34. Qc4+ Kh8 35. Nd6 h5 36. Nf7+ Kh7 37. Ba3 Nxf1+ 38. Kh1
Ne3 39. Ne1 Qxe1+ 40. Kh2 Nxc4 41. bxc4 Qxe4 42. Nd6 Qf4+ 43. Kg1 e4 44. c5
Ne6 45. g3 Qe3+ 46. Kh2 Qxa3 47. h4 g5 48. Kh3 g4+ 49. Kg2 Qxa2+ 50. Kf1 Nd4
51. Ke1 Qe2# {White checkmated} 0-1

[Event "ICCopen2017"]
[Site "Internet Chess Club"]
[Date "2017.04.02"]
[Round "1"]
[White "Mormegil"]
[Black "DaGame"]
[Result "0-1"]
[ICCResult "White resigns"]
[WhiteElo "1758"]
[BlackElo "2712"]
[Opening "King's Indian: fianchetto without c4"]
[ECO "A49"]
[NIC "QP.06"]
[Time "19:04:27"]
[TimeControl "180+0"]

1. d4 Nf6 2. Nf3 g6 3. g3 Bg7 4. Bg2 d5 5. Nbd2 O-O 6. O-O c5 7. c4 cxd4 8.
Nxd4 Nc6 9. Nxc6 bxc6 10. cxd5 cxd5 11. e4 dxe4 12. Nxe4 Nxe4 13. Bxe4 Rb8
14. Rb1 Qxd1 15. Rxd1 Be6 16. b3 f5 17. Bf3 Bf7 18. Be3 a5 19. Rd7 e5 20.
Bd5 Bxd5 21. Rxd5 a4 22. b4 e4 23. a3 Rfc8 24. Bc5 Rb7 25. Rbd1 Rcc7 26.
Rd8+ Kf7 27. Ra8 Rd7 28. Rxd7+ Rxd7 29. Ra7 Rxa7 30. Bxa7 Ke6 31. Kf1 Bb2
32. b5 Kd5 33. Ke2 Bxa3 34. Ke3 Bc5+ 35. Bxc5 Kxc5 36. Kd2 Kxb5 37. Kc3 g5
38. Kb2 f4 39. gxf4 gxf4 {White resigns} 0-1

[Event "ICCopen2017"]
[Site "Internet Chess Club"]
[Date "2017.04.02"]
[Round "1"]
[White "Trentosk"]
[Black "Sc6"]
[Result "1-0"]
[ICCResult "Black forfeits on time"]
[WhiteElo "2479"]
[BlackElo "1697"]
[Opening "Trompowsky attack (Ruth, Opocenský opening)"]
[ECO "A45"]
[NIC "QP.07"]
[Time "19:03:21"]
[TimeControl "180+0"]

1. d4 Nf6 2. Bg5 g6 3. Bxf6 exf6 4. g3 Bg7 5. Bg2 O-O 6. e3 d5 7. Ne2 c6 8.
O-O Bg4 9. h3 Be6 10. Nd2 Re8 11. Nf4 Nd7 12. Rc1 Nf8 13. c4 dxc4 14. Nxc4
Qd7 15. Nxe6 Nxe6 16. b4 Rad8 17. Qb3 Nc7 18. a4 f5 19. Na5 Rb8 20. Nxb7 Nd5
21. Nc5 Qd6 22. Bxd5 cxd5 23. b5 g5 24. Nd3 Re4 25. Rc5 f4 26. gxf4 Qg6 27.
Rc6 Qh5 28. Qxd5 Rbe8 29. Qxg5 Qxh3 30. Ne5 f6 31. Qg4 Qh6 32. Nf3 Kh8 33.
Qf5 Rg8 34. Qxe4 Bf8+ 35. Ng5 fxg5 36. Rxh6 gxf4+ 37. Kh1 Bxh6 38. Rg1 Bg7
39. Qxf4 h6 40. Qf7 Kh7 41. a5 Kh8 42. Qg6 a6 43. b6 {Black forfeits on
time} 1-0

[Event "ICCopen2017"]
[Site "Internet Chess Club"]
[Date "2017.04.02"]
[Round "1"]
[White "LeonSantillan"]
[Black "Bishopmate"]
[Result "1-0"]
[ICCResult "Black forfeits on time"]
[WhiteElo "1868"]
[BlackElo "1276"]
[Opening "Queen's pawn: London system"]
[ECO "A45"]
[NIC "QP.07"]
[Time "19:04:02"]
[TimeControl "180+0"]

1. d4 Nf6 2. Bf4 d5 3. e3 h6 4. c4 e6 5. Nc3 a6 6. Nf3 Bd6 7. Bg3 O-O 8. Bd3
c5 9. cxd5 exd5 10. dxc5 Bxc5 11. Rc1 Bd6 12. Ne2 Bg4 13. Ned4 Nc6 14. Nxc6
bxc6 15. O-O Bxg3 16. hxg3 Bxf3 17. gxf3 Qd7 18. Qc2 Rac8 19. Bf5 Qd6 20.
Bxc8 Rxc8 21. Qc5 Qe5 22. b4 Qh5 23. Kg2 Qg5 24. Qd4 h5 25. a4 h4 26. Qxh4
Qe5 27. Qd4 Qg5 28. b5 axb5 29. axb5 c5 30. Rxc5 Rxc5 31. Qxc5
{Black forfeits on time}
1-0

[Event "ICCopen2017"]
[Site "Internet Chess Club"]
[Date "2017.04.02"]
[Round "1"]
[White "Eigeneier"]
[Black "Red-white"]
[Result "0-1"]
[ICCResult "White resigns"]
[WhiteElo "1796"]
[BlackElo "2935"]
[Opening "QGD Slav: 4.e3"]
[ECO "D11"]
[NIC "SL.01"]
[Time "19:04:44"]
[TimeControl "180+0"]

1. d4 d5 2. c4 c6 3. Nf3 Nf6 4. e3 Bg4 5. h3 Bh5 6. g4 Bg6 7. cxd5 cxd5 8.
Qb3 Qc7 9. Nc3 e6 10. Bb5+ Nc6 11. Ne5 Bd6 12. f4 O-O 13. Bd2 Bxe5 14. fxe5
Ne4 15. Rc1 Qe7 16. Nxe4 Bxe4 17. Rh2 Qh4+ 18. Ke2 f5 19. exf6 Rxf6 20. Bxc6
Qg3 21. Rch1 bxc6 22. Be1 Qd6 23. Qb7 Rb8 {White resigns} 0-1

[Event "ICCopen2017"]
[Site "Internet Chess Club"]
[Date "2017.04.02"]
[Round "1"]
[White "LevAbramovich"]
[Black "BillietheKid"]
[Result "1-0"]
[ICCResult "Black resigns"]
[WhiteElo "2020"]
[BlackElo "1430"]
[Opening "Sicilian: Sozin, Leonhardt variation"]
[ECO "B88"]
[NIC "SI.26"]
[Time "19:04:46"]
[TimeControl "180+0"]

1. e4 c5 2. Nf3 d6 3. d4 cxd4 4. Nxd4 Nc6 5. Nc3 Nf6 6. Bc4 e6 7. Bb3 Na5 8.
f4 Nxb3 9. axb3 Be7 10. Be3 O-O 11. Qf3 d5 12. e5 Nd7 13. O-O-O a6 14. g4
Nc5 15. f5 exf5 16. gxf5 Qa5 17. Kb1 Ne4 18. Nxe4 dxe4 19. Qxe4 Bc5 20. Rhg1
f6 21. e6 Re8 22. Bh6 Re7 23. Bxg7 Rxg7 24. Rxg7+ Kxg7 25. Rg1+ Kf8 26. Qg4
Ke7 27. Qg7+ Kd6 28. Qxf6 {Black resigns} 1-0

[Event "ICCopen2017"]
[Site "Internet Chess Club"]
[Date "2017.04.02"]
[Round "1"]
[White "Alinochka199217"]
[Black "jabulina"]
[Result "1-0"]
[ICCResult "Black forfeits on time"]
[WhiteElo "2555"]
[BlackElo "1720"]
[Opening "Queen's pawn game"]
[ECO "E10"]
[NIC "QI.01"]
[Time "19:03:28"]
[TimeControl "180+0"]

1. d4 Nf6 2. c4 e6 3. Nf3 c5 4. d5 exd5 5. cxd5 Bd6 6. Nc3 O-O 7. g3 Bc7 8.
Bg2 d6 9. O-O a6 10. a4 Re8 11. Nd2 Ba5 12. Nc4 Bxc3 13. bxc3 Ne4 14. Qb3 f5
15. h4 Qf6 16. Bb2 Nd7 17. Rad1 Ne5 18. Nb6 Rb8 19. c4 Qg6 20. Bc1 Ng4 21.
Bf4 h6 22. f3 Nxg3 23. fxg4 Nxe2+ 24. Kh1 Qxg4 25. Qh3 Nxf4 26. Qxg4 fxg4
27. Rxf4 {Black forfeits on time} 1-0

[Event "ICCopen2017"]
[Site "Internet Chess Club"]
[Date "2017.04.02"]
[Round "1"]
[White "Wilsonpalencia"]
[Black "rovov"]
[Result "1/2-1/2"]
[ICCResult "Game drawn by repetition"]
[WhiteElo "2557"]
[BlackElo "1740"]
[Opening "French: Tarrasch, open variation"]
[ECO "C07"]
[NIC "FR.19"]
[Time "19:04:01"]
[TimeControl "180+0"]

1. e4 e6 2. d4 d5 3. Nd2 c5 4. exd5 Qxd5 5. Ngf3 cxd4 6. Bc4 Qd6 7. O-O Nf6
8. Nb3 Nc6 9. Nbxd4 Nxd4 10. Nxd4 a6 11. c3 Qc7 12. Qe2 Bd6 13. h3 O-O 14.
Bg5 Nd5 15. Bd3 Nf4 16. Bxf4 Bxf4 17. a4 b6 18. g3 Bd6 19. Qe4 g6 20. Qh4
Bb7 21. Rad1 Qe7 22. Qxe7 Bxe7 23. Bc2 Rfd8 24. Nb3 Rxd1 25. Rxd1 Rd8 26.
Rxd8+ Bxd8 27. Kf1 Kf8 28. Ke2 Ke7 29. Nd4 Kd6 30. h4 Bf6 31. Nf3 Bxf3+ 32.
Kxf3 a5 33. Ke3 e5 34. Bd3 Be7 35. Bc4 f5 36. Bg8 h6 37. Bh7 f4+ 38. gxf4
exf4+ 39. Kxf4 Bxh4 40. f3 g5+ 41. Ke4 Bf2 42. Bg6 Ke6 43. Bh5 Bg1 44. Bg4+
Kf6 45. Bh5 Ke6 46. Bg4+ Kf6 47. Bh5 Ke6 48. Bg4+ Kf6 {Game drawn by
repetition} 1/2-1/2

[Event "ICCopen2017"]
[Site "Internet Chess Club"]
[Date "2017.04.02"]
[Round "1"]
[White "KnightWalker"]
[Black "FGM21"]
[Result "0-1"]
[ICCResult "White forfeits on time"]
[WhiteElo "1304"]
[BlackElo "1900"]
[Opening "Ruy Lopez: exchange variation"]
[ECO "C68"]
[NIC "RL.08"]
[Time "19:03:50"]
[TimeControl "180+0"]

1. e4 e5 2. Nf3 Nc6 3. Bb5 a6 4. Bxc6 dxc6 5. h3 f6 6. O-O c5 7. Re1 b6 8.
c3 Ne7 9. d4 cxd4 10. cxd4 exd4 11. Nxd4 c5 12. Nf3 Qxd1 13. Rxd1 Bb7 14.
Nc3 Ng6 15. Nd5 Bxd5 16. exd5 Kd7 17. Be3 Bd6 18. Rac1 Rhc8 19. Nd2 Ne5 20.
Ne4 h6 21. b3 f5 22. Nc3 g5 23. f3 Rab8 24. Na4 g4 25. f4 Ng6 26. hxg4 fxg4
27. g3 h5 28. Rf1 Re8 29. Rce1 h4 30. f5 Ne5 31. gxh4 Nf3+ 32. Kg2 Nxe1+ 33.
Rxe1 b5 34. Nxc5+ Bxc5 35. Kf2 Rxe3 36. Rxe3 Re8 {White forfeits on time}
0-1

[Event "ICCopen2017"]
[Site "Internet Chess Club"]
[Date "2017.04.02"]
[Round "1"]
[White "gannikus1992"]
[Black "EddieBarber"]
[Result "1-0"]
[ICCResult "Black forfeits on time"]
[WhiteElo "2468"]
[BlackElo "1689"]
[Opening "Sicilian: Najdorf, 7...Be7 main line"]
[ECO "B99"]
[NIC "SI.09"]
[Time "19:04:27"]
[TimeControl "180+0"]

1. e4 c5 2. Nf3 d6 3. d4 cxd4 4. Nxd4 Nf6 5. Nc3 a6 6. Bg5 e6 7. f4 Be7 8.
Qf3 Qc7 9. O-O-O Nbd7 10. g4 h6 11. Bxf6 Bxf6 12. h4 Qb6 13. Nb3 Be7 14. g5
Nc5 15. Nxc5 Qxc5 16. Bd3 Bd7 17. Kb1 O-O-O 18. a3 Kb8 19. Ne2 Rc8 20. Qg3
hxg5 21. hxg5 Rxh1 22. Rxh1 Bb5 23. Nc3 Bxd3 24. Qxd3 Qc4 25. Qxc4 Rxc4 26.
Rh7 Bf8 27. Rh8 Rc8 28. Kc1 Be7 29. Rh7 Bf8 30. Kd2 Kc7 31. Kd3 Kc6 32. b4
b5 33. Ne2 d5 34. e5 Kd7 35. c3 Ke8 36. Rh8 Ke7 37. Nd4 g6 38. Nb3 Rc4 39.
Nd4 Rc7 40. Rh7 {Black forfeits on time} 1-0

[Event "ICCopen2017"]
[Site "Internet Chess Club"]
[Date "2017.04.02"]
[Round "1"]
[White "fernandomata"]
[Black "Molton"]
[Result "0-1"]
[ICCResult "White resigns"]
[WhiteElo "1817"]
[BlackElo "3060"]
[Opening "Sicilian: Smith-Morra gambit"]
[ECO "B21"]
[NIC "SI.48"]
[Time "19:04:43"]
[TimeControl "180+0"]

1. e4 c5 2. d4 cxd4 3. c3 d3 4. c4 Nc6 5. Bxd3 g6 6. Nf3 Bg7 7. O-O d6 8. h3
Nf6 9. Nc3 O-O 10. Bg5 Nd7 11. Qd2 Nc5 12. Bh6 Ne5 13. Nxe5 dxe5 14. Bxg7
Kxg7 15. Rfd1 e6 16. Bf1 Qe7 17. Qd6 Qxd6 18. Rxd6 b6 19. b4 Na6 20. a3 Bb7
21. Rad1 Nc7 22. Rd7 Rac8 23. f3 Bc6 24. R7d6 Ne8 25. Rd8 Nf6 26. Rxf8 Kxf8
27. Kf2 Ke7 28. Ke3 Ne8 29. a4 Bd7 30. Ra1 Nd6 31. a5 Nxc4+ 32. Bxc4 Rxc4
33. Kd3 Rxb4 34. axb6 axb6 35. Ra7 Rd4+ 36. Ke3 f5 37. Na4 Rxa4 38. Rb7 f4+
39. Kf2 b5 40. Kg1 Ra2 41. Kh2 Rb2 42. h4 h6 43. Kh3 b4 44. h5 g5 45. Kg4
Rxg2+ 46. Kh3 Rg3+ 47. Kh2 Rxf3 48. Kg2 Rc3 49. Rxb4 g4 50. Rb8 Rc2+ 51. Kf1
g3 52. Rh8 f3 53. Rh7+ Kd6 54. Ke1 g2 55. Rg7 g1=Q+ {White resigns} 0-1

[Event "ICCopen2017"]
[Site "Internet Chess Club"]
[Date "2017.04.02"]
[Round "1"]
[White "chavo"]
[Black "Mysterious17"]
[Result "1-0"]
[ICCResult "Black forfeits on time"]
[WhiteElo "2381"]
[BlackElo "1651"]
[Opening "Alekhine's defense: four pawns attack, fianchetto variation"]
[ECO "B03"]
[NIC "AL.07"]
[Time "19:03:50"]
[TimeControl "180+0"]

1. e4 Nf6 2. e5 Nd5 3. d4 d6 4. c4 Nb6 5. f4 g6 6. Nc3 Bg7 7. Be3 dxe5 8.
fxe5 c5 9. dxc5 N6d7 10. e6 fxe6 11. Nf3 O-O 12. Qd2 Nc6 13. O-O-O Qa5 14.
Bh6 Nb4 15. Bxg7 Kxg7 16. Kb1 Nxc5 17. h4 Bd7 18. h5 Be8 19. Ne5 Rf6 20.
hxg6 Bxg6+ 21. Nxg6 Rxg6 22. Rh5 b6 23. Qd4+ Kg8 24. Qh4 Rg7 25. Rg5 Rf8 26.
Rxg7+ Kxg7 27. Qxe7+ Kg8 28. a3 Nc6 29. Qg5+ Kh8 30. Qh6 Rg8 31. Qf6+ Rg7
32. Qf8+ Rg8 33. Qf6+ Rg7 34. Bd3 Nxd3 35. Qf8+ Rg8 36. Qf6+ Rg7 37. Rxd3
Qc5 38. Rd7 {Black forfeits on time} 1-0

[Event "ICCopen2017"]
[Site "Internet Chess Club"]
[Date "2017.04.02"]
[Round "1"]
[White "tenho"]
[Black "StaggerLee"]
[Result "1-0"]
[ICCResult "Black resigns"]
[WhiteElo "1987"]
[BlackElo "1394"]
[Opening "English, 1...Nf6 (Anglo-Indian defense)"]
[ECO "A15"]
[NIC "EO.64"]
[Time "19:04:28"]
[TimeControl "180+0"]

1. c4 Nf6 2. g3 e5 3. Bg2 c6 4. a3 d5 5. cxd5 cxd5 6. d4 e4 7. Nc3 Nc6 8.
Bg5 Be7 9. e3 h6 10. Bxf6 Bxf6 11. Qb3 Ne7 12. Nge2 O-O 13. Nf4 Be6 14. Nxe6
fxe6 15. Qxb7 Rb8 16. Qa6 Rxb2 17. Qxe6+ Kh8 18. O-O Rb6 19. Qg4 Qc8 20.
Qxc8 Rxc8 21. Rfc1 Rb2 22. Nxd5 Rxc1+ 23. Rxc1 Nxd5 24. Rc8+ Kh7 25. Bxe4+
g6 26. Bxd5 Rb1+ 27. Kg2 h5 28. Rc7+ Kh6 29. Rxa7 h4 30. Ra6 Bd8 31. Be4 Rb6
32. Rxb6 Bxb6 33. gxh4 Kh5 34. Kh3 g5 35. hxg5 Kxg5 36. f4+ Kf6 37. Kg4 Bc7
38. h4 Bd8 39. h5 Kg7 40. Bg6 Kh6 41. Kf5 Kg7 42. Ke6 Ba5 43. f5 Bd8 44. a4
Kg8 45. f6 Kf8 46. e4 Kg8 47. e5 Kf8 48. Kd7 Ba5 49. e6 Bb4 50. h6 Ba3 51.
h7 {Black resigns} 1-0

[Event "ICCopen2017"]
[Site "Internet Chess Club"]
[Date "2017.04.02"]
[Round "1"]
[White "PaulieChessnut"]
[Black "talshirov"]
[Result "0-1"]
[ICCResult "White resigns"]
[WhiteElo "1369"]
[BlackElo "1961"]
[Opening "King's Indian defense"]
[ECO "E60"]
[NIC "KI.80"]
[Time "19:04:26"]
[TimeControl "180+0"]

1. d4 Nf6 2. c4 g6 3. Nd2 Bg7 4. Ngf3 d6 5. e3 O-O 6. Bd3 c5 7. O-O cxd4 8.
exd4 Nc6 9. a3 Bg4 10. b3 Nxd4 11. Bb2 Nxf3+ 12. Nxf3 e5 13. Re1 Re8 14. h3
Bd7 15. Qc2 Bc6 16. Nd2 Rc8 17. Qb1 Nh5 18. Be4 Nf4 19. Bxc6 bxc6 20. Qe4 d5
21. Qc2 Qg5 22. g3 Nxh3+ 23. Kg2 Nf4+ 24. Kg1 e4 25. Bxg7 Kxg7 26. Qc3+ Kg8
27. Qe3 Nh3+ 28. Kg2 Qxe3 29. Rxe3 Ng5 30. Rae1 f5 31. Nf1 d4 32. R3e2 Rb8
33. b4 d3 34. Rd2 Nf3 35. Red1 Nxd2 36. Rxd2 Rbd8 37. Ne3 Rd4 38. c5 Rb8 39.
f3 a5 40. fxe4 fxe4 41. Kf2 axb4 42. axb4 Rbxb4 43. Nf1 Rbc4 44. Ke3 Rd8 45.
g4 Kf7 46. Ng3 Re8 47. Rf2+ Kg7 48. Rd2 Rc2 49. Nf1 Rxd2 50. Nxd2 Kf6 51.
Nxe4+ Rxe4+ 52. Kxd3 Rxg4 53. Ke3 Rg5 54. Kd4 Rd5+ 55. Kc4 h5 {White
resigns} 0-1

[Event "ICCopen2017"]
[Site "Internet Chess Club"]
[Date "2017.04.02"]
[Round "1"]
[White "findles"]
[Black "blackjack721"]
[Result "1-0"]
[ICCResult "Black forfeits on time"]
[WhiteElo "1901"]
[BlackElo "1305"]
[Opening "Caro-Kann: 3.Nd2"]
[ECO "B12"]
[NIC "CK.02"]
[Time "19:03:56"]
[TimeControl "180+0"]

1. e4 c6 2. d4 d5 3. Nd2 Nf6 4. e5 Ne4 5. Bd3 f5 6. exf6 Nxf6 7. Ndf3 Bg4 8.
h3 Bh5 9. g4 Bg6 10. Bxg6+ hxg6 11. Ne5 Qd6 12. Nxg6 Rg8 13. Bf4 Qb4+ 14.
Kf1 Nbd7 15. Ne2 e5 16. Nxe5 Nxe5 17. Bxe5 Bd6 18. c3 Qxb2 19. Bxd6 O-O-O
20. Be5 Ne4 21. Kg2 Rdf8 22. Rf1 Nxc3 23. Nxc3 Qxc3 24. Rb1 Rf7 25. Rb3 Qa5
26. Qe2 Rgf8 27. f4 g5 28. f5 Qd8 29. Rfb1 b6 30. Rc1 Qd7 31. Qa6+ Kd8 32.
Rbc3 {Black forfeits on time} 1-0

[Event "ICCopen2017"]
[Site "Internet Chess Club"]
[Date "2017.04.02"]
[Round "1"]
[White "sravanrenjith"]
[Black "nino-dg"]
[Result "0-1"]
[ICCResult "White forfeits on time"]
[WhiteElo "1632"]
[BlackElo "2375"]
[Opening "QGD: exchange, positional line"]
[ECO "D35"]
[NIC "QO.16"]
[Time "19:03:20"]
[TimeControl "180+0"]

1. d4 Nf6 2. c4 e6 3. Nc3 d5 4. cxd5 exd5 5. Bg5 Be7 6. Nf3 O-O 7. e3 h6 8.
Bh4 c6 9. Bd3 Ne4 10. Bxe7 Qxe7 11. O-O Bf5 12. Qb3 Nd2 13. Nxd2 Bxd3 14.
Rfd1 Ba6 15. Na4 Nd7 16. Nf3 Rac8 17. Rac1 b6 18. a3 Bc4 19. Qc2 b5 20. Nc3
f5 21. b4 f4 22. e4 dxe4 23. Qxe4 Qxe4 24. Nxe4 Bd5 25. Nc5 Nxc5 26. Rxc5
Rce8 27. Ne5 f3 28. gxf3 Re6 29. Rdc1 Rff6 30. R1c3 Kh7 31. Kf1 h5 32. Ke2
Kh6 33. Ke3 Kg5 34. f4+ Rxf4 35. f3 Rxf3+ 36. Kd2 Rf2+ 37. Ke1 Rxh2 38. Rg3+
Kh6 39. Kf1 Rf6+ 40. Ke1 Rff2 41. Rg6+ Kh7 42. Rg1 Re2+ 43. Kd1 Bb3+ 44. Kc1
Ra2 45. Kb1 Rhb2+ 46. Kc1 Rc2+ 47. Kb1 Rab2+ 48. Ka1 Rxc5 49. Kxb2 Rd5 50.
Rg5 Bc4 51. Rxh5+ Kg8 52. Rg5 Rxd4 53. Nxc6 Rd2+ 54. Ka1 Rf2 55. Ne5 Rf1+
56. Kb2 Rf2+ 57. Kc3 Ra2 58. Kd4 Rxa3 59. Kc5 Rd3 60. Nc6 Rd5+
{White forfeits on time}
0-1

[Event "ICCopen2017"]
[Site "Internet Chess Club"]
[Date "2017.04.02"]
[Round "1"]
[White "Bryant-L"]
[Black "Ohanessian"]
[Result "1-0"]
[ICCResult "Black forfeits on time"]
[WhiteElo "1549"]
[BlackElo "2125"]
[Opening "Alekhine's defense: Scandinavian variation"]
[ECO "B02"]
[NIC "AL.10"]
[Time "19:03:39"]
[TimeControl "180+0"]

1. e4 Nf6 2. Nc3 d5 3. exd5 Nxd5 4. Nf3 Bg4 5. Bc4 c6 6. h3 Bh5 7. d3 Nxc3
8. bxc3 e6 9. Bf4 Bd6 10. Be3 O-O 11. Rb1 b5 12. Bb3 Qa5 13. Bd2 Nd7 14. O-O
Ne5 15. g4 Bg6 16. Nxe5 Bxe5 17. c4 Qc7 18. f4 Bd4+ 19. Kg2 a5 20. cxb5 cxb5
21. a4 b4 22. Qf3 Rac8 23. Rfe1 h6 24. Kh1 Rfe8 25. Re2 e5 26. f5 Bh7 27. g5
hxg5 28. Bxg5 Qd7 29. Rf1 Kf8 30. Qh5 Kg8 31. f6 Qc6+ 32. Rg2 Rc7 33. Bc1
Re6 34. Bxe6 fxe6 35. f7+ Kf8 36. Qxh7 Rxf7 37. Qh8+ Ke7 38. Rxf7+ Kxf7 39.
Qxg7+ Ke8 40. Qg8+ Kd7 41. Qf7+ Kd6 42. Bg5 b3 43. cxb3 Kc5 44. Qe7+ Kb6 45.
Qd8+ Kc5 46. Be7+ {Black forfeits on time} 1-0

[Event "ICCopen2017"]
[Site "Internet Chess Club"]
[Date "2017.04.02"]
[Round "1"]
[White "oli2"]
[Black "Shech"]
[Result "0-1"]
[ICCResult "White resigns"]
[WhiteElo "1669"]
[BlackElo "2452"]
[Opening "Caro-Kann: closed (Breyer) variation"]
[ECO "B10"]
[NIC "CK.01"]
[Time "19:03:47"]
[TimeControl "180+0"]

1. e4 c6 2. d3 d5 3. Nd2 e5 4. g3 Bd6 5. Bg2 Ne7 6. Ne2 O-O 7. O-O f5 8.
exf5 Nxf5 9. Nf3 Nd7 10. Bg5 Nf6 11. Nh4 Nxh4 12. Bxh4 Qe8 13. Bxf6 Rxf6 14.
Qd2 Qh5 15. f4 Bg4 16. fxe5 Rxf1+ 17. Bxf1 Bxe5 18. Nf4 Qh6 19. Re1 Bxf4 20.
Qxf4 Qxf4 21. gxf4 Kf7 22. Kf2 a5 23. Kg3 Bf5 24. Re5 g6 25. h4 Kf6 26. c3
a4 27. d4 a3 28. b4 Bb1 29. Re2 Kf7 30. Rd2 Re8 31. Kf3 Re1 32. Bd3 Bxd3 33.
Rxd3 Rh1 34. Kg3 Rb1 35. h5 Rb2 36. c4 dxc4 37. Rxa3 Rxb4 38. Ra7 c3 39. Ra3
Rc4 {White resigns} 0-1

[Event "ICCopen2017"]
[Site "Internet Chess Club"]
[Date "2017.04.02"]
[Round "1"]
[White "nurmi"]
[Black "drarc"]
[Result "1-0"]
[ICCResult "Black forfeits on time"]
[WhiteElo "2374"]
[BlackElo "1631"]
[Opening "English: closed system"]
[ECO "A25"]
[NIC "EO.19"]
[Time "19:03:34"]
[TimeControl "180+0"]

1. c4 e5 2. Nc3 Nc6 3. g3 g6 4. Bg2 Bg7 5. Nf3 d6 6. d3 Nge7 7. Rb1 a5 8. a3
O-O 9. O-O f5 10. Bd2 Be6 11. b4 axb4 12. axb4 h6 13. b5 Nd4 14. Nxd4 exd4
15. Nd5 Nxd5 16. cxd5 Bd7 17. Qc2 Rc8 18. Rfc1 g5 19. b6 cxb6 20. Qb3 Rxc1+
21. Bxc1 Re8 22. Bf1 f4 23. Qxb6 Qxb6 24. Rxb6 f3 25. e4 dxe3 26. fxe3 Rc8
27. Bb2 Bxb2 28. Rxb2 g4 29. Kf2 Rc7 30. e4 Kg7 31. d4 b5 32. Bd3 Kf6 33.
Ke3 Rc3 34. Kd2 Rc7 35. Bxb5 Rb7 36. Ke3 Rxb5 37. Ra2 Rb6 38. Kf4 Bb5 39.
e5+ Kg6 40. Rb2 Be2 41. Rxb6 f2 42. Rxd6+ Kg7 43. Rd7+ Kg6 44. Rd6+ Kf7 45.
Rf6+ Kg7 46. Ke3 f1=Q 47. Rxf1 Bxf1 48. Kf4 Be2 49. Kf5 Kf7 50. e6+ Ke7 51.
Ke5 Bc4 52. d6+ Ke8 53. Kf6 h5 54. d7+ Kd8 55. Kf7 {Black forfeits on time}
1-0

[Event "ICCopen2017"]
[Site "Internet Chess Club"]
[Date "2017.04.02"]
[Round "1"]
[White "RdgMx"]
[Black "hipopotamos"]
[Result "1-0"]
[ICCResult "Black checkmated"]
[WhiteElo "1852"]
[BlackElo "1198"]
[Opening "Queen's pawn game, Chigorin variation"]
[ECO "D02"]
[NIC "QP.08"]
[Time "19:04:36"]
[TimeControl "180+0"]

1. d4 d5 2. Nf3 Nc6 3. Bf4 Nf6 4. e3 Bg4 5. Nbd2 e6 6. c3 Bd6 7. Bg5 h6 8.
Bh4 O-O 9. Be2 g5 10. Bg3 Bxg3 11. hxg3 Kg7 12. Qc2 Qd6 13. Nb3 Rfd8 14. Nc5
Rab8 15. Nd3 b6 16. Nde5 Nxe5 17. dxe5 Qe7 18. exf6+ Qxf6 19. O-O Rd6 20.
Nd4 Qg6 21. Qxg6+ Kxg6 22. Bxg4 h5 23. Be2 g4 24. Bd3+ Kf6 25. Nb5 Rdd8 26.
Nxc7 Rh8 27. Na6 Rbg8 28. f3 Ke7 29. Rf2 h4 30. gxh4 Rxh4 31. fxg4 Rgh8 32.
Rff1 Rxg4 33. Rad1 Rhg8 34. Rd2 f5 35. Rdf2 Kf6 36. Rf4 R4g5 37. R1f2 Kg6
38. Nc7 Kh5 39. Nxe6 R5g6 40. Nd4 Rg5 41. Nxf5 Kg6 42. Ne7+ Kh6 43. Nxg8+
Rxg8 44. Rh4+ Kg7 45. Rg4+ Kh8 46. Rxg8+ Kxg8 47. Rf5 Kg7 48. Rxd5 Kf6 49.
Rf5+ Ke6 50. g4 Ke7 51. g5 Ke8 52. g6 Kd7 53. g7 Kd6 54. g8=Q Kc6 55. Qc4+
Kd6 56. Rf6+ Ke7 57. Qf7+ Kd8 58. Rd6+ Kc8 59. Ba6+ Kb8 60. Rd8#
{Black checkmated}
1-0